 Dungeon Crawl Stone Soup version 0.28-a0-1555-g9ae15a6949 (webtiles) character file.

Game seed: 13141388960252809112

495 mordus the Shield-Bearer (level 7, -6/52 HPs)
             Began as a Formicid Fighter on Jan 18, 2022.
             Mangled by Pikel (8 damage)
             ... on level 4 of the Dungeon.
             The game lasted 00:05:40 (3406 turns).

mordus the Shield-Bearer (Formicid Fighter)         Turns: 3406, Time: 00:05:42

Health: -6/52      AC:  9    Str: 23    XL:     7   Next: 38%
Magic:  7/7        EV:  9    Int:  7    God:
Gold:   110        SH:  5    Dex: 10    Spells: 6/6 levels left

rFire   . . .      SeeInvis +   a - +0 long sword
rCold   . . .      Faith    .   c - +0 buckler
rNeg    . . .      Spirit   .   b - +0 scale mail
rPois   .          Reflect  .   (helmet unavailable)
rElec   .          Harm     .   j - scarf {+Inv}
rCorr   .          Rampage  .   l - +1 pair of gloves
Will    .....                   (no boots)
Stlth   ..........              (no amulet)
HPRegen 0.17/turn               (no ring)
MPRegen 0.10/turn               (no ring)

@: no status effects
A: permanent stasis, dig shafts and tunnels, antennae 3, four strong arms
a: Dig, Shaft Self, Evoke Invisibility


You were on level 4 of the Dungeon.
You visited 1 branch of the dungeon, and saw 4 of its levels.

You collected 110 gold pieces.

Inventory:

Hand Weapons
 a - a +0 long sword (weapon)
Armour
 b - a +0 scale mail (worn)
 c - a +0 buckler (worn)
 j - a scarf of invisibility (worn)
 l - a +1 pair of gloves (worn)
Jewellery
 e - a ring of wizardry
Scrolls
 f - a scroll of fog {unknown}
 i - a scroll of immolation {unknown}
 k - a scroll of noise {unknown}
 m - a scroll of vulnerability {unknown}
Potions
 d - a potion of might
 g - a potion of ambrosia {unknown}
 h - a potion of magic {unknown}


   Skills:
 - Level 3.2 Fighting
 * Level 5.5 Long Blades
 + Level 5.1 Armour
 + Level 5.6 Shields


You had 6 spell levels left.
You didn't know any spells.
Your spell library contained the following spells:

 Spells                   Type           Power      Damage    Failure   Level
 Conjure Flame            Conj/Fire      0%         6-21      99%         3
 Ignite Poison            Fire/Tmut/Pois 0%         N/A       99%         3
 Ozocubu's Armour         Ice            0%         N/A       99%         3
 Sticky Flame             Conj/Fire      0%         2d3       100%        4
 Metabolic Englaciation   Hex/Ice        0%         N/A       100%        5
 Simulacrum               Ice/Necr       0%         N/A       100%        6


Dungeon Overview and Level Annotations

Branches:
Dungeon (4/15)
 Temple: D:4-7

Altars:
Cheibriados
Gozag
Ru
Yredelemnul

Shops:
D:2 (

Annotations:
D:4 Pikel


Innate Abilities, Weirdness & Mutations

You cannot be hasted, slowed, berserked, paralysed or teleported.
You can dig through walls and to a lower floor.
You have a pair of large antennae on your head. (SInv)
Your four strong arms can wield two-handed weapons with a shield.


Message History

The lemure hits you!
You barely miss the lemure.
The lemure is moderately wounded.
You closely miss Pikel. You hit Pikel but do no damage.
Pikel hits you but does no damage.
You hit Pikel.
Pikel is lightly wounded.
Pikel hits you with a +1 whip of electrocution. x2
You hit Pikel but do no damage.
Pikel is lightly wounded.
Pikel says, "You'll rot in Tartarus!"
You block Pikel's attack.
You hit Pikel but do no damage.
Pikel is lightly wounded.
Pikel hits you with a +1 whip of electrocution.
You are electrocuted!
You are too injured to fight recklessly!
You are too injured to fight recklessly!
You are too injured to fight recklessly!
You slash Pikel!
Pikel is moderately wounded.
Pikel hits you with a +1 whip of electrocution.
* * * LOW HITPOINT WARNING * * *
You completely miss Pikel.
Pikel is moderately wounded.
Pikel hits you with a +1 whip of electrocution.
* * * LOW HITPOINT WARNING * * *
You closely miss Pikel.
Pikel is moderately wounded.
Pikel closely misses you.
You hit Pikel.
Pikel is moderately wounded.
You block Pikel's attack.
You hit Pikel.
Pikel is moderately wounded.
You block Pikel's attack.
Pikel hits you with a +1 whip of electrocution!
* * * LOW HITPOINT WARNING * * *
You are electrocuted!
You die...

. .### ....# #
.#..# { #######
#. ##.#..#
#.....# #.
#..#..# #.....#
#..#.##..#
#.....#
#..#.##5.#
#.##.....#
#....@K55#
#........#
####.###5#
.####..# #...#
#.# ....)..#
#.### #.#
...##)#######.#
#.## .#.##<#
#.....# #..##
.#.##.###.#####
##5..##
...)...)..#
#.≈≈≈.#
..#########
#####5≈≈≈≈#


You could see Pikel and 4 lemures.

Vanquished Creatures
  An ogre (D:4)
  A phantom (D:4)
  A scorpion (D:4)
  2 hounds (D:4)
  2 orc wizards (D:3)
  Natasha (thrice) (D:3)
  3 adders
  5 dart slugs
  3 orcs (D:3)
  7 ball pythons
  6 bats
  4 endoplasms
  3 hobgoblins
  2 jackals (D:1)
  5 quokkas
  3 frilled lizards
  5 goblins
  6 kobolds
  7 rats
69 creatures vanquished.

Notes
Turn   | Place    | Note
-------+----------+-------------------------------------------
     0 | D:1      | mordus the Formicid Fighter began the quest for the Orb.
     0 | D:1      | Reached XP level 1. HP: 18/18 MP: 1/1
   168 | D:1      | Reached XP level 2. HP: 21/24 MP: 2/2
   714 | D:1      | Reached XP level 3. HP: 29/29 MP: 3/3
  1098 | D:2      | Found Fiyces's Weapon Shoppe.
  1103 | D:2      | Reached XP level 4. HP: 35/35 MP: 4/4
  1574 | D:3      | Found an opulent altar of Gozag.
  1652 | D:3      | Found a basalt altar of Yredelemnul.
  1979 | D:3      | Reached XP level 5. HP: 6/41 MP: 5/5
  1981 | D:3      | HP: 1/41 [orc (2)]
  2570 | D:3      | Noticed Natasha
  2576 | D:3      | Killed Natasha
  2617 | D:3      | Noticed Natasha
  2627 | D:3      | Killed Natasha
  2831 | D:3      | Found a sacrificial altar of Ru.
  2918 | D:3      | Noticed Natasha
  2922 | D:3      | Killed Natasha
  2923 | D:3      | Reached XP level 6. HP: 47/47 MP: 6/6
  2991 | D:4      | Noticed an ogre
  2999 | D:4      | Reached skill level 5 in Shields
  3002 | D:4      | Killed an ogre
  3003 | D:4      | Reached skill level 5 in Long Blades
  3202 | D:4      | Reached XP level 7. HP: 52/52 MP: 7/7
  3211 | D:4      | Reached skill level 5 in Armour
  3378 | D:4      | Found a snail-covered altar of Cheibriados.
  3381 | D:4      | Noticed Pikel
  3406 | D:4      | HP: 2/52 [Pikel (8)]
  3406 | D:4      | Mangled by Pikel

Illustrated notes

Levels and vault maps discovered:
D:1:      dpeg_arrival_tiny_h, layout_rooms
D:2:      layout_basic, serial_shops, nicolae_shop_bloodbath_and_beyond
D:3:      layout_basic, nicolae_ru_path_of_blood,
          mainiacjoe_overflow_surrounded_room, nicolae_gozag_seed_capital,
          uniq_natasha
D:4:      cheibrodos_barr_body, layout_loops_cross, kennysheep_slug_shrine,
          led_sif_pool, temple_fountains, serial_shops, kennysheep_mini, shop,
          nicolae_shop_window_shopping, shop, uniq_pikel

Skill      XL: |  1  2  3  4  5  6  7 |
---------------+----------------------+-----
Shields        | 4 5 |  5.6
Long Blades    | 3 4 5 |  5.5
Armour         | 4 5 |  5.1
Fighting       | |  3.2

Action                   |  1- 3 |  4- 6 |  7- 9 || total
-------------------------+-------+-------+-------++-------
Melee: Long sword        |   110 |   102 |    31 ||   243
Armor: Scale mail        |    64 |    61 |    10 ||   135
Dodge: Dodged            |    64 |    59 |     7 ||   130
Block: Buckler           |    33 |    24 |     3 ||    60

Table legend: (Time is in decaauts)
 A = Elapsed time spent in this place.
 B = Non-inter-level travel time spent in this place.
 C = Inter-level travel time spent in this place.
 D = Time resting spent in this place.
 E = Time spent auto-exploring this place.
 F = Levels seen in this place.
 G = Mean time per level.
                   A        B        C        D        E       F      G
               +--------+--------+--------+--------+--------+-----+--------+
         Total |   3468 |   3389 |     79 |    831 |   1937 |   4 |  867.0 |
       Dungeon |   3468 |   3389 |     79 |    831 |   1937 |   4 |  867.0 |
               +--------+--------+--------+--------+--------+-----+--------+

Top non-repeatable levels by time:
     D:3: 1396 daAuts
     D:1: 860 daAuts
     D:2: 736 daAuts
     D:4: 475 daAuts
